 Dungeon Crawl Stone Soup version 0.31-a0-217-g58bb5d79cf (webtiles) character file.

Game seed: 2152412133579551065

28976 qw the Cleaver (level 13, -6/82 HPs)
             Began as a Gargoyle Fighter on July 2, 2023.
             Was a High Priest of Okawaru.
             Killed from afar by an oklob plant (22 damage)
             ... with a splash of acid
             ... on level 4 of the Lair of Beasts.
             The game lasted 00:06:37 (13315 turns).

qw the Cleaver (Gargoyle Fighter)                  Turns: 13315, Time: 00:06:38

Health: -6/82      AC: 21    Str: 25    XL:     13   Next: 42%
Magic:  13/20      EV: 10    Int:  9    God:    Okawaru [*****.]
Gold:   625        SH: 16    Dex: 15    Spells: 12/12 levels left

rFire   + . .        Y - +4 war axe (elec)
rCold   + . .        j - +2 kite shield {rF+}
rNeg    + . .        b - +0 plate armour
rPois   inf          e - +0 helmet
rElec   +            s - +0 cloak
rCorr   .            f - +0 pair of gloves
SInv    .            g - +1 pair of boots
Will    .....        p - amulet of faith Stlth
                     l - ring of protection from cold
HPRegen 0.33/turn    v - +6 ring of dexterity
MPRegen 0.17/turn

%: faith
@: about to teleport, heroic, finesse-ful, corroded
A: sickness immunity, AC +9, negative energy resistance 1, electricity
resistance, torment resistance 1, petrification resistance, subdued magic 1
a: Renounce Religion, Heroism, Finesse, Duel


You were on level 4 of the Lair of Beasts.
You worshipped Okawaru.
Okawaru was extremely pleased with you.
You visited 3 branches of the dungeon, and saw 15 of its levels.

You collected 1047 gold pieces.
You spent 422 gold pieces at shops.


Innate Abilities, Weirdness & Mutations

You are immune to sickness and miasma.
Your stone body is resilient. (AC +9)
You are immune to poison.
You resist negative energy. (rN+)
You are resistant to electric shocks. (rElec)
You are resistant to unholy torment.
You are immune to petrification.
Your spells are a little easier to cast, but a little less powerful.


   Skills:
 - Level 10.0(15.0) Fighting
 + Level 12.2(17.2) Axes
 - Level 4.2(9.2) Throwing
 - Level 9.0(14.0) Armour
 - Level 3.0(8.0) Dodging
 - Level 11.0(16.0) Shields
 - Level 10.0 Invocations


You had 12 spell levels left.
You didn't know any spells.
Your spell library was empty.

Inventory:

Hand Weapons
 x - a +1 hand axe of flaming
 Y - a +4 war axe of electrocution (weapon)
Missiles
 o - 3 silver boomerangs (quivered)
 B - a javelin
Armour
 b - a +0 plate armour (worn)
 e - a +0 helmet (worn)
 f - a +0 pair of gloves (worn)
 g - a +1 pair of boots (worn)
 j - a +2 kite shield of fire resistance (worn)
 n - the +4 pair of gloves of Happy Babbling {Harm rC- Will+ rCorr}
   (You acquired it on level 5 of the Dungeon)

   rC:        It makes you vulnerable to cold.
   rCorr:     It protects you from acid and corrosion.
   Harm:      It increases damage dealt and taken.
   Will:      It increases your willpower.
 s - a +0 cloak (worn)
 w - the +0 cloak of the Tick {rElec rC- Dex+7 Stlth-}
   (Okawaru gifted it to you on level 4 of the Lair of Beasts)

   Dex:       It affects your dexterity (+7).
   rC:        It makes you vulnerable to cold.
   rElec:     It insulates you from electricity.
   Stlth:     It makes you less stealthy.
Jewellery
 l - a ring of protection from cold (left hand)
 p - an amulet of faith (around neck)
 r - a ring of positive energy
 u - an amulet of guardian spirit
 v - a +6 ring of dexterity (right hand)
 y - a ring of fire
 z - a ring of resist corrosion
 A - a ring of ice
Scrolls
 k - 3 scrolls of identify
 t - a scroll of teleportation
Potions
 a - 2 potions of enlightenment
 c - 3 potions of lignification
 d - a potion of might
 h - 6 potions of curing
 i - a potion of haste
 q - a potion of resistance

Dungeon Overview and Level Annotations

Branches:
Dungeon (9/15)             Temple (1/1) D:5            Lair (5/5) D:9
  Swamp (0/4) Lair:3        Snake (0/4) Lair:3        Slime (0/5) Lair:4
    Orc: D:9-12

Altars:
Ashenzari
Cheibriados
Dithmenos
Elyvilon
Fedhas
Hepliaklqana
Kikubaaqudgha
Makhleb
Nemelex Xobeh
Okawaru
Qazlal
Ru
Sif Muna
Trog
Uskayaw
Vehumet
Wu Jian
Xom
Yredelemnul
Zin
The Shining One
Jiyva

Shops:
D:2 *   D:5 =   D:7 =!=   D:8 [

Portals:
Ice
Cave: Lair:5

Annotations:
D:6 1 runed translucent door
Lair:4 exclusion: 3 oklob plants


Message History

Enter note:
Enter note:
Enter note:
Enter note:
Enter note:
Enter note:
Enter note:
Enter note:
Enter note:
Enter note:
Enter note:
Enter note:
Enter note:
Enter note:
Enter note:
Enter note:
Enter note:
Enter note:
Enter note:
Enter note:
Enter note:
Enter note:
Enter note:
Enter note:
Enter note:
Enter note:
Enter note:
Enter note:
Enter note:
Enter note: The oklob plant spits acid at you.
The splash of acid hits you! The oklob plant spits acid at you.
The splash of acid hits you! The acid corrodes you!
13315 ||| READING 2 scrolls of teleportation.
As you read the scroll of teleportation, it crumbles to dust.
You feel strangely unstable. The oklob plant spits acid at you.
The splash of acid hits you!!
You die...

.####### #.>P.#
.......# #P.P.##
.......### .._..#
#.#....#.## ....#
..........# #...##
##.P####..## ....#
##### #....## #...#
#..####....:###...#
........#....###@.#
###.P.#.##....##..#
#P######........# #
##.......#
#......## ##....##
######


You could see 2 oklob plants.

Vanquished Creatures
  Rupert (Lair:4)
  Kirke (Lair:3)
  2 hydras (Lair:4)
  Harold (D:9)
  Fannar (Lair:3)
  2 two-headed ogres
  A lindwurm (Lair:3)
  An oklob plant (Lair:4)
  A cyclops (D:8)
  4 elephants (Lair:3)
  An orange demon (D:9)
  4 black mambas
  9 cane toads
  3 rime drakes
  5 komodo dragons
  A troll (D:9)
  4 blink frogs (Lair:1)
  4 dream sheep (Lair:4)
  13 yaks
  2 wyverns
  3 shadows (D:9)
  4 basilisks
  A neqoxec (D:9)
  2 chaos spawn (D:9)
  5 hogs (Lair:3)
  2 steam dragons
  16 water moccasins
  Duvessa (D:5)
  2 orc warriors (D:8)
  2 sky beasts (D:7)
  A black bear (D:5)
  An ogre (D:7)
  22 wolves
  A phantom (D:7)
  3 centaurs
  A kobold brigand (D:9)
  4 scorpions
  12 bullfrogs
  11 wights
  Dowan (D:5)
  15 killer bees
  An electric eel (D:9)
  5 howler monkeys
  4 quasits (D:9)
  12 hounds
  7 orc priests
  2 jellies
  2 human skeletons (D:6)
  An iguana (D:6)
  6 orc wizards
  Ijyb (D:5)
  Terence (D:3)
  8 adders
  2 ufetubi
  3 worms (D:2)
  4 dart slugs
  24 orcs
  3 endoplasms (D:1)
  4 goblins
  8 hobgoblins
  11 kobolds
  7 quokkas
  2 ball pythons (D:4)
  5 bats
  3 frilled lizards
  5 rats
302 creatures vanquished.

Notes
Turn   | Place    | Note
-------+----------+-------------------------------------------
     0 | D:1      | qw the Gargoyle Fighter began the quest for the Orb.
     0 | D:1      | Reached XP level 1. HP: 14/14 MP: 1/1
     0 | D:1      | 0 ||| qw: Version: 0.3-a-40-ge99b1a8
     0 | D:1      | 0 ||| qw: Game counter: 163
     0 | D:1      | 0 ||| qw: Melee chars always use a shield: true
     0 | D:1      | 0 ||| qw: God list: Okawaru
     0 | D:1      | 0 ||| qw: Allow faded altars: false
     0 | D:1      | 0 ||| qw: Do Orc after clearing Dungeon:15 true
     0 | D:1      | 0 ||| qw: Do second Lair branch before Depths: true
     0 | D:1      | 0 ||| qw: Lair rune preference: random
     0 | D:1      | 0 ||| qw: Goals: Normal, Zot:1-4, Slime:5, God:TSO, Crypt,
                  | Tomb, Abyss, Pan, Hells, Win
     0 | D:1      | 0 ||| PLANNING D:1-11
    99 | D:1      | 99 ||| Stepping ~*~*~tactically~*~*~ (stealth).
   104 | D:1      | Reached skill level 2 in Axes
   181 | D:1      | Reached XP level 2. HP: 19/19 MP: 2/2
   221 | D:1      | 221 ||| Stepping ~*~*~tactically~*~*~ (hiding).
   844 | D:1      | 844 ||| UPGRADING to +0 pair of boots.
   849 | D:1      | 849 ||| READING scroll labelled MADIAF SISO.
   908 | D:2      | 908 ||| Stepping ~*~*~tactically~*~*~ (stealth).
   914 | D:2      | Reached skill level 3 in Axes
   929 | D:2      | 929 ||| Stepping ~*~*~tactically~*~*~ (stealth).
   934 | D:2      | Reached XP level 3. HP: 23/23 MP: 3/3
   981 | D:2      | Found Ojexzoso's General Store.
   992 | D:2      | 992 ||| SHOPLISTING 2 potions of haste (240 gold, have 89).
   992 | D:2      | 992 ||| BUYING scroll of teleportation (36 gold).
   992 | D:2      | Bought a scroll of teleportation for 36 gold pieces
   999 | D:2      | 999 ||| Stepping ~*~*~tactically~*~*~ (stealth).
  1244 | D:2      | Reached skill level 1 in Throwing
  1416 | D:2      | 1416 ||| UPGRADING to +2 kite shield of fire resistance.
  1426 | D:2      | 1426 ||| DROPPING +0 buckler.
  1427 | D:2      | 1427 ||| UPGRADING to +0 chain mail.
  1437 | D:2      | 1437 ||| DROPPING +0 scale mail.
  1438 | D:2      | 1438 ||| UPGRADING to +0 cloak.
  1443 | D:2      | 1443 ||| DROPPING ring of magical power.
  1444 | D:2      | 1444 ||| READING 3 scrolls labelled DAWNINT FEWAO.
  1445 | D:2      | 1445 ||| READING scroll labelled MUTEON TOEV.
  1446 | D:2      | 1446 ||| READING scroll labelled KAPPO ZOSKO.
  1447 | D:2      | 1447 ||| READING scroll labelled NOVULY AFEE.
  1448 | D:2      | 1448 ||| DRINKING 2 metallic puce potions.
  1454 | D:2      | 1454 ||| READING 2 scrolls of identify.
  1454 | D:2      | 1454 ||| IDENTIFYING fuming blue potion
  1455 | D:2      | 1455 ||| DROPPING potion of ambrosia.
  1682 | D:3      | Noticed a scorpion
  1688 | D:3      | Killed a scorpion
  1689 | D:3      | Reached XP level 4. HP: 22/28 MP: 4/4
  1689 | D:3      | Reached XP level 5. HP: 25/32 MP: 5/5
  1932 | D:3      | 1932 ||| Stepping ~*~*~tactically~*~*~ (stealth).
  2050 | D:3      | Noticed Terence
  2054 | D:3      | Killed Terence
  2079 | D:3      | 2079 ||| Stepping ~*~*~tactically~*~*~ (hiding).
  2103 | D:3      | Reached skill level 4 in Axes
  2127 | D:3      | 2127 ||| DROPPING +0 whip.
  2215 | D:3      | 2215 ||| UPGRADING to ring of protection from cold.
  2216 | D:3      | 2216 ||| READING scroll labelled FIOXAA KAHOUG.
  2217 | D:3      | 2217 ||| READING scroll labelled GOASAW NUNIUFI.
  2218 | D:3      | 2218 ||| DRINKING 2 smoky dark potions.
  2244 | D:3      | 2244 ||| READING 2 scrolls of identify.
  2244 | D:3      | 2244 ||| IDENTIFYING bubbling orange potion
  2245 | D:3      | 2245 ||| DROPPING potion of degeneration.
  2278 | D:4      | 2278 ||| READING scroll of enchant armour.
  2278 | D:4      | 2278 ||| ENCHANTING +0 pair of boots.
  2284 | D:4      | Noticed a steam dragon
  2297 | D:4      | Killed a steam dragon
  2298 | D:4      | Reached XP level 6. HP: 27/37 MP: 6/6
  2300 | D:4      | 2300 ||| FLEEEEING.
  2348 | D:4      | Found a hazy altar of Hepliaklqana.
  2413 | D:4      | Found an ornate altar of the Wu Jian Council.
  2746 | D:4      | Reached skill level 5 in Axes
  2746 | D:4      | Reached XP level 7. HP: 41/41 MP: 7/7
  2894 | D:4      | 2894 ||| UPGRADING to ring of positive energy.
  2895 | D:4      | 2895 ||| READING scroll labelled XINNUA RAESE.
  2896 | D:4      | 2896 ||| READING scroll labelled VUOCUUPYSU.
  2897 | D:4      | 2897 ||| READING 3 scrolls of identify.
  2897 | D:4      | 2897 ||| IDENTIFYING murky purple potion
  2898 | D:4      | 2898 ||| READING 2 scrolls of identify.
  2898 | D:4      | 2898 ||| IDENTIFYING inky potion
  2899 | D:4      | 2899 ||| DROPPING potion of brilliance.
  2915 | D:5      | Entered Level 5 of the Dungeon
  2916 | D:5      | 2916 ||| Stepping ~*~*~tactically~*~*~ (hiding).
  2935 | D:5      | 2935 ||| STAIRDANCE
  2953 | D:5      | Found Domyun's Jewellery Shoppe.
  2958 | D:5      | 2958 ||| SHOPLISTING amulet of faith (520 gold, have 315).
  2958 | D:5      | 2958 ||| SHOPLISTING amulet of reflection (390 gold, have
                  | 315).
  2958 | D:5      | 2958 ||| SHOPLISTING amulet of regeneration (390 gold, have
                  | 315).
  2958 | D:5      | 2958 ||| SHOPLISTING amulet of the acrobat (390 gold, have
                  | 315).
  2958 | D:5      | 2958 ||| BUYING ring of resist corrosion (260 gold).
  2958 | D:5      | Bought a ring of resist corrosion for 260 gold pieces
  2958 | D:5      | 2958 ||| SHOPLISTING ring of see invisible (195 gold, have
                  | 55).
  3027 | D:5      | Found a staircase to the Ecumenical Temple.
  3028 | D:5      | 3028 ||| PLANNING TEMPLE
  3028 | D:5      | 3028 ||| UPGRADING to ring of resist corrosion.
  3034 | Temple   | Entered the Ecumenical Temple
  3035 | Temple   | 3035 ||| PLANNING OKAWARU WORSHIP
  3041 | Temple   | Became a worshipper of Warmaster Okawaru
  3042 | Temple   | 3042 ||| PLANNING D:1-11
  3083 | D:5      | Noticed Ijyb
  3086 | D:5      | Paralysed by Ijyb for 2 turns
  3092 | D:5      | Paralysed by Ijyb for 4 turns
  3103 | D:5      | Paralysed by Ijyb for 4 turns
  3114 | D:5      | Killed Ijyb
  3269 | D:5      | Noticed Dowan
  3270 | D:5      | Noticed Duvessa
  3281 | D:5      | HP: 8/43 [Duvessa/+0 rapier (7)]
  3282 | D:5      | 3282 ||| READING 2 scrolls of teleportation.
  3284 | D:5      | Killed Duvessa
  3285 | D:5      | Reached skill level 6 in Axes
  3442 | D:5      | Reached * piety under Okawaru
  3443 | D:5      | Reached skill level 6 in Shields
  3443 | D:5      | Reached XP level 8. HP: 39/48 MP: 8/8
  3506 | D:5      | 3506 ||| INVOKING Heroism.
  3562 | D:5      | Found a hide-covered altar of Uskayaw.
  3574 | D:5      | Reached skill level 1 in Dodging
  3574 | D:5      | Reached skill level 1 in Invocations
  3714 | D:5      | 3714 ||| Stepping ~*~*~tactically~*~*~ (stealth).
  3716 | D:5      | 3716 ||| INVOKING Heroism.
  4023 | D:5      | Found a bloodstained altar of Trog.
  4120 | D:5      | 4120 ||| READING scroll labelled XAIT KAHIOMINLU.
  4120 | D:5      | Identified a scroll of acquirement
  4120 | D:5      | 4120 ||| ACQUIRING +4 pair of gloves of Happy Babbling
                  | {Harm rC- Will+ rCorr}
  4120 | D:5      | Acquired the +4 pair of gloves of Happy Babbling {Harm rC-
                  | Will+ rCorr}
  4122 | D:5      | 4122 ||| READING scroll labelled NUFFEA OD TOXA.
  4179 | D:5      | 4179 ||| INVOKING Heroism.
  4184 | D:5      | 4184 ||| Stepping ~*~*~tactically~*~*~ (hiding).
  4185 | D:5      | 4185 ||| Stepping ~*~*~tactically~*~*~ (hiding).
  4189 | D:5      | Killed Dowan
  4208 | D:5      | 4208 ||| READING 2 scrolls of identify.
  4208 | D:5      | 4208 ||| IDENTIFYING pink potion
  4312 | D:6      | Found a runed translucent door.
  4339 | D:6      | Found a basalt altar of Yredelemnul.
  4353 | D:6      | Reached skill level 3 in Invocations
  4388 | D:6      | 4388 ||| SWAPPING to +2 war axe of electrocution.
  4389 | D:6      | 4389 ||| DROPPING +0 war axe of freezing.
  4490 | D:6      | 4490 ||| Stepping ~*~*~tactically~*~*~ (stealth).
  4502 | D:6      | 4502 ||| Stepping ~*~*~tactically~*~*~ (hiding).
  4504 | D:6      | 4504 ||| Stepping ~*~*~tactically~*~*~ (hiding).
  4520 | D:6      | 4520 ||| Stepping ~*~*~tactically~*~*~ (stealth).
  4521 | D:6      | Noticed a two-headed ogre
  4522 | D:6      | 4522 ||| Stepping ~*~*~tactically~*~*~ (stealth).
  4523 | D:6      | 4523 ||| Stepping ~*~*~tactically~*~*~ (stealth).
  4524 | D:6      | 4524 ||| Stepping ~*~*~tactically~*~*~ (stealth).
  4525 | D:6      | 4525 ||| INVOKING Heroism.
  4537 | D:6      | Killed a two-headed ogre
  4537 | D:6      | Reached ** piety under Okawaru
  4537 | D:6      | Reached *** piety under Okawaru
  4538 | D:6      | Reached skill level 7 in Axes
  4538 | D:6      | Reached XP level 9. HP: 16/52 MP: 9/13
  4888 | D:6      | 4888 ||| Stepping ~*~*~tactically~*~*~ (stealth).
  4994 | D:6      | 4994 ||| UPGRADING to +6 ring of dexterity.
  4996 | D:6      | 4996 ||| READING scroll labelled PEPSUN SEAWO.
  5081 | D:7      | 5081 ||| INVOKING Heroism.
  5241 | D:7      | Found Edasyss's Jewellery Boutique.
  5247 | D:7      | 5247 ||| SHOPLISTING +4 ring of protection (504 gold, have
                  | 115).
  5247 | D:7      | 5247 ||| SHOPLISTING amulet of Paranoia {Acrobat Harm
                  | Rampage Int+2} (576 gold, have 115).
  5247 | D:7      | 5247 ||| SHOPLISTING amulet of the acrobat (420 gold, have
                  | 115).
  5247 | D:7      | 5247 ||| SHOPLISTING ring of resist corrosion (280 gold,
                  | have 115).
  5247 | D:7      | 5247 ||| SHOPLISTING ring of see invisible (210 gold, have
                  | 115).
  5247 | D:7      | 5247 ||| SHOPLISTING ring of willpower (350 gold, have
                  | 115).
  5289 | D:7      | Reached skill level 8 in Axes
  5315 | D:7      | Found a stormy altar of Qazlal.
  5325 | D:7      | 5325 ||| INVOKING Heroism.
  5347 | D:7      | 5347 ||| Stepping ~*~*~tactically~*~*~ (hiding).
  5348 | D:7      | 5348 ||| Stepping ~*~*~tactically~*~*~ (hiding).
  5349 | D:7      | 5349 ||| Stepping ~*~*~tactically~*~*~ (hiding).
  5350 | D:7      | 5350 ||| Stepping ~*~*~tactically~*~*~ (hiding).
  5362 | D:7      | 5362 ||| INVOKING Heroism.
  5574 | D:7      | Found Kiroot's Jewellery Shop.
  5583 | D:7      | 5583 ||| SHOPLISTING +6 ring of strength (504 gold, have
                  | 144).
  5583 | D:7      | 5583 ||| SHOPLISTING amulet of the acrobat (420 gold, have
                  | 144).
  5583 | D:7      | 5583 ||| SHOPLISTING ring "Kaco" {rN+ EV+5} (660 gold, have
                  | 144).
  5583 | D:7      | 5583 ||| SHOPLISTING ring of Ytaeday {Wiz Str+4 Dex+3
                  | Stlth-} (704 gold, have 144).
  5583 | D:7      | 5583 ||| SHOPLISTING ring of fire (350 gold, have 144).
  5583 | D:7      | 5583 ||| SHOPLISTING ring of protection from cold (350
                  | gold, have 144).
  5583 | D:7      | 5583 ||| SHOPLISTING ring of protection from fire (350
                  | gold, have 144).
  5583 | D:7      | 5583 ||| SHOPLISTING ring of see invisible (210 gold, have
                  | 144).
  5592 | D:7      | Found a shadowy altar of Dithmenos.
  5933 | D:7      | Found Uciuc's Distillery.
  5941 | D:7      | 5941 ||| BUYING 2 potions of curing (84 gold).
  5941 | D:7      | Bought 2 potions of curing for 84 gold pieces
  5941 | D:7      | 5941 ||| BUYING potion of curing (42 gold).
  5941 | D:7      | Bought a potion of curing for 42 gold pieces
  5941 | D:7      | 5941 ||| SHOPLISTING potion of curing (42 gold, have 33).
  5941 | D:7      | 5941 ||| SHOPLISTING potion of enlightenment (70 gold, have
                  | 33).
  5941 | D:7      | 5941 ||| SHOPLISTING potion of haste (140 gold, have 33).
  5941 | D:7      | 5941 ||| SHOPLISTING potion of might (56 gold, have 33).
  5941 | D:7      | 5941 ||| SHOPLISTING potion of resistance (140 gold, have
                  | 33).
  5983 | D:7      | Found a glowing silver altar of Zin.
  6061 | D:8      | Found Zaim's Antique Armour Boutique.
  6075 | D:8      | Reached skill level 6 in Fighting
  6075 | D:8      | 6075 ||| INVOKING Heroism.
  6144 | D:8      | 6144 ||| SHOPLISTING glowing chain mail (165 gold, have
                  | 47).
  6144 | D:8      | 6144 ||| SHOPLISTING runed chain mail (165 gold, have 47).
  6144 | D:8      | 6144 ||| SHOPLISTING runed hat (154 gold, have 47).
  6144 | D:8      | 6144 ||| SHOPLISTING shiny helmet (165 gold, have 47).
  6226 | D:8      | 6226 ||| INVOKING Heroism.
  6235 | D:8      | Reached XP level 10. HP: 60/60 MP: 12/14
  6251 | D:8      | 6251 ||| DROPPING +0 flail.
  6384 | D:8      | 6384 ||| Stepping ~*~*~tactically~*~*~ (stealth).
  6385 | D:8      | 6385 ||| Stepping ~*~*~tactically~*~*~ (stealth).
  6388 | D:8      | 6388 ||| Stepping ~*~*~tactically~*~*~ (hiding).
  6389 | D:8      | 6389 ||| Stepping ~*~*~tactically~*~*~ (hiding).
  6390 | D:8      | 6390 ||| Stepping ~*~*~tactically~*~*~ (hiding).
  6391 | D:8      | 6391 ||| Stepping ~*~*~tactically~*~*~ (hiding).
  6656 | D:8      | 6656 ||| INVOKING Heroism.
  6673 | D:8      | 6673 ||| INVOKING Heroism.
  6678 | D:8      | HP: 9/60 [orc priest/divine providence (11)]
  6679 | D:8      | 6679 ||| READING scroll of teleportation.
  6680 | D:8      | 6680 ||| DRINKING potion of heal wounds.
  6747 | D:8      | 6747 ||| FLEEEEING.
  6751 | D:8      | 6751 ||| FLEEEEING.
  6752 | D:8      | 6752 ||| STAIRDANCE
  6785 | D:7      | 6785 ||| UPGRADING to +0 plate armour.
  6795 | D:7      | 6795 ||| DROPPING +0 chain mail.
  6796 | D:7      | 6796 ||| DROPPING +1 scale mail of fire resistance.
  6797 | D:7      | 6797 ||| READING 2 scrolls of identify.
  6797 | D:7      | 6797 ||| IDENTIFYING fizzy inky potion
  6814 | D:8      | 6814 ||| Stepping ~*~*~tactically~*~*~ (stealth).
  6816 | D:8      | 6816 ||| Stepping ~*~*~tactically~*~*~ (hiding).
  7054 | D:8      | Noticed a cyclops
  7055 | D:8      | 7055 ||| INVOKING Heroism.
  7065 | D:8      | Killed a cyclops
  7295 | D:8      | 7295 ||| READING scroll labelled NELOEGHIONA.
  7393 | D:9      | 7393 ||| INVOKING Heroism.
  7400 | D:9      | Reached skill level 9 in Axes
  7432 | D:9      | Reached skill level 6 in Armour
  7447 | D:9      | Found a glowing golden altar of the Shining One.
  7487 | D:9      | 7487 ||| INVOKING Heroism.
  7490 | D:9      | Found a staircase to the Lair.
  7495 | D:9      | Gained mutation: Your spells are a little easier to cast,
                  | but a little less powerful. [a neqoxec]
  7520 | D:9      | Noticed an orange demon
  7532 | D:9      | Killed an orange demon
  7543 | D:9      | Reached **** piety under Okawaru
  7544 | D:9      | Reached skill level 9 in Shields
  7605 | D:9      | Noticed Harold
  7606 | D:9      | 7606 ||| Stepping ~*~*~tactically~*~*~ (hiding).
  7607 | D:9      | 7607 ||| Stepping ~*~*~tactically~*~*~ (hiding).
  7608 | D:9      | 7608 ||| Stepping ~*~*~tactically~*~*~ (hiding).
  7609 | D:9      | 7609 ||| INVOKING Heroism.
  7624 | D:9      | Killed Harold
  7651 | D:9      | Reached XP level 11. HP: 67/67 MP: 15/15
  7658 | D:9      | Reached skill level 6 in Invocations
  7802 | D:9      | 7802 ||| Stepping ~*~*~tactically~*~*~ (hiding).
  7808 | D:9      | 7808 ||| INVOKING Heroism.
  7813 | D:9      | Reached skill level 10 in Axes
  7835 | D:9      | 7835 ||| Stepping ~*~*~tactically~*~*~ (stealth).
  7854 | D:9      | Noticed a two-headed ogre
  7855 | D:9      | 7855 ||| INVOKING Heroism.
  7861 | D:9      | Killed a two-headed ogre
  7881 | D:9      | 7881 ||| Stepping ~*~*~tactically~*~*~ (stealth).
  8051 | D:9      | 8051 ||| Stepping ~*~*~tactically~*~*~ (stealth).
  8053 | D:9      | 8053 ||| Stepping ~*~*~tactically~*~*~ (hiding).
  8485 | D:9      | 8485 ||| PLANNING LAIR
  8485 | D:9      | 8485 ||| READING scroll labelled PECOAP EGRA HUFY.
  8528 | D:9      | 8528 ||| INVOKING Heroism.
  8624 | Lair:1   | Entered Level 1 of the Lair of Beasts
  8713 | Lair:1   | 8713 ||| Stepping ~*~*~tactically~*~*~ (stealth).
  8723 | Lair:1   | 8723 ||| INVOKING Heroism.
  8867 | Lair:1   | 8867 ||| INVOKING Heroism.
  8933 | Lair:1   | 8933 ||| INVOKING Heroism.
  8952 | Lair:1   | Reached ***** piety under Okawaru
  9247 | Lair:1   | 9247 ||| INVOKING Heroism.
  9298 | Lair:1   | 9298 ||| INVOKING Heroism.
  9513 | Lair:1   | 9513 ||| UPGRADING to +0 helmet.
  9518 | Lair:1   | 9518 ||| UPGRADING to +0 pair of gloves.
  9523 | Lair:1   | 9523 ||| READING scroll labelled ZEIVUF BUSM.
  9669 | Lair:2   | 9669 ||| Stepping ~*~*~tactically~*~*~ (stealth).
  9671 | Lair:2   | 9671 ||| Stepping ~*~*~tactically~*~*~ (stealth).
  9685 | Lair:2   | Reached skill level 9 in Invocations
  9783 | Lair:2   | 9783 ||| INVOKING Heroism.
  9849 | Lair:2   | 9849 ||| Stepping ~*~*~tactically~*~*~ (hiding).
  9879 | Lair:2   | 9879 ||| Stepping ~*~*~tactically~*~*~ (stealth).
  9880 | Lair:2   | 9880 ||| INVOKING Heroism.
  9889 | Lair:2   | Reached XP level 12. HP: 61/73 MP: 17/19
 10165 | Lair:2   | 10165 ||| READING scroll of enchant weapon.
 10165 | Lair:2   | 10165 ||| ENCHANTING +3 war axe of electrocution.
 10535 | Lair:2   | 10535 ||| UPGRADING to amulet of faith.
 10540 | Lair:2   | 10540 ||| READING 3 scrolls of identify.
 10540 | Lair:2   | 10540 ||| IDENTIFYING dark potion
 10541 | Lair:2   | 10541 ||| READING 2 scrolls of identify.
 10541 | Lair:2   | 10541 ||| IDENTIFYING sedimented clear potion
 10564 | Lair:3   | Reached skill level 11 in Axes
 10565 | Lair:3   | Received a gift from Okawaru
 10569 | Lair:3   | 10569 ||| INVOKING Heroism.
 10777 | Lair:3   | 10777 ||| Stepping ~*~*~tactically~*~*~ (hiding).
 10778 | Lair:3   | 10778 ||| INVOKING Heroism.
 10798 | Lair:3   | Found a staircase to the Snake Pit.
 10821 | Lair:3   | 10821 ||| Stepping ~*~*~tactically~*~*~ (stealth).
 10825 | Lair:3   | 10825 ||| Stepping ~*~*~tactically~*~*~ (stealth).
 10860 | Lair:3   | Noticed Fannar
 10861 | Lair:3   | 10861 ||| Stepping ~*~*~tactically~*~*~ (hiding).
 10882 | Lair:3   | Reached skill level 9 in Fighting
 10904 | Lair:3   | Killed Fannar
 10966 | Lair:3   | Received a gift from Okawaru
 11154 | Lair:3   | 11154 ||| Stepping ~*~*~tactically~*~*~ (hiding).
 11236 | Lair:3   | You fall into a shaft and drop 2 floors!
 11236 | Lair:5   | Entered Level 5 of the Lair of Beasts
 11236 | Lair:5   | Found a frozen archway.
 11242 | Lair:5   | Reached skill level 3 in Throwing
 11243 | Lair:5   | Received a gift from Okawaru
 11249 | Lair:5   | Reached skill level 9 in Armour
 11298 | Lair:5   | 11298 ||| Stepping ~*~*~tactically~*~*~ (stealth).
 11299 | Lair:5   | 11299 ||| Stepping ~*~*~tactically~*~*~ (stealth).
 11451 | Lair:5   | 11451 ||| READING 3 scrolls of identify.
 11451 | Lair:5   | 11451 ||| IDENTIFYING bubbling green potion
 11452 | Lair:5   | 11452 ||| DROPPING potion of invisibility.
 11470 | Lair:4   | Reached ****** piety under Okawaru
 11472 | Lair:4   | Identified the +0 cloak of the Tick {rElec rC- Dex+7
                  | Stlth-} (Okawaru gifted it to you on level 4 of the Lair of
                  | Beasts)
 11472 | Lair:4   | Received a gift from Okawaru
 11477 | Lair:4   | Reached skill level 12 in Axes
 11582 | Lair:3   | Reached XP level 13. HP: 78/80 MP: 20/20
 11658 | Lair:3   | 11658 ||| Stepping ~*~*~tactically~*~*~ (stealth).
 11660 | Lair:3   | Noticed Kirke
 11661 | Lair:3   | 11661 ||| Stepping ~*~*~tactically~*~*~ (stealth).
 11663 | Lair:3   | 11663 ||| INVOKING Heroism.
 11665 | Lair:3   | Reached skill level 3 in Dodging
 11665 | Lair:3   | 11665 ||| INVOKING Finesse.
 11673 | Lair:3   | 11673 ||| DRINKING 2 potions of cancellation.
 11674 | Lair:3   | 11674 ||| DRINKING potion of cancellation.
 11681 | Lair:3   | Killed Kirke
 11726 | Lair:3   | Found a staircase to the Swamp.
 12020 | Lair:4   | 12020 ||| INVOKING Heroism.
 12021 | Lair:4   | 12021 ||| SWAPPING to +1 hand axe of flaming.
 12036 | Lair:4   | 12036 ||| SWAPPING to +4 war axe of electrocution.
 12132 | Lair:4   | 12132 ||| INVOKING Heroism.
 12362 | Lair:4   | Noticed Rupert
 12363 | Lair:4   | 12363 ||| INVOKING Heroism.
 12364 | Lair:4   | 12364 ||| INVOKING Finesse.
 12371 | Lair:4   | 12371 ||| DRINKING 7 potions of curing.
 12371 | Lair:4   | 12371 ||| (to cure confusion)
 12374 | Lair:4   | Paralysed by Rupert for 4 turns
 12392 | Lair:4   | Killed Rupert
 12834 | Lair:4   | Found a blossoming altar of Fedhas.
 12856 | Lair:4   | 12856 ||| INVOKING Heroism.
 12857 | Lair:4   | 12857 ||| INVOKING Finesse.
 13201 | Lair:4   | Found a viscous altar of Jiyva.
 13203 | Lair:4   | 13203 ||| FLEEEEING.
 13311 | Lair:4   | 13311 ||| INVOKING Heroism.
 13312 | Lair:4   | 13312 ||| INVOKING Finesse.
 13313 | Lair:4   | Found a staircase to the Slime Pits.
 13314 | Lair:4   | HP: 15/82 [oklob plant/splash of acid (12)]
 13315 | Lair:4   | 13315 ||| READING 2 scrolls of teleportation.
 13315 | Lair:4   | Killed from afar by an oklob plant

Levels and vault maps discovered:
D:1:      amcnicky_arrival_double_pillar, layout_loops_ring
D:2:      layout_rooms, serial_shops, shop
D:3:      layout_loops_ring, kennysheep_generic_room_13, uniq_terence
D:4:      wander_river, layout_basic, pdpol_wu_jian_five_deadly_venoms,
          amcnicky_altar_gilded
D:5:      layout_loops_corners, mainiacjoe_overflow_concentric_impassable,
          mainiacjoe_overflow_alcove_1, minmay_temple_entry_arrows,
          serial_shops, shop, uniq_duvessa, uniq_ijyb
D:6:      layout_loops_cross, dk_yredelemnul_ordeal, minivault_11,
          nicolae_figureground_pulse
D:7:      layout_loops_cross, grunt_dithmenos_shadows,
          mainiacjoe_overflow_24_doors, mainiacjoe_overflow_tiny_flanked,
          serial_shops, shop, nicolae_shop_just_a_little_nook, shop,
          kennysheep_donut
D:8:      layout_cave_pods, serial_shops, shop
D:9:      layout_loops_cross, mainiacjoe_overflow_catwalk, erik_lair_island,
          serial_demonic, serial_demonic_f, serial_demonic_c, serial_demonic_b,
          serial_demonic_a, uniq_harold
Temple:   nicolae_temple_no_exploring_needed
Lair:1:   layout_small_grid, grunt_megastairs_4, lemuel_fruit_fields
Lair:2:   layout_gridlike, lemuel_fruit_tree, infiniplex_staircase_pool_2
Lair:3:   beast_lair_carwin_large_3, layout_chaotic_city, swamp_mist,
          cheibrodos_lair_caveside_slide, uniq_kirke, uniq_fannar
Lair:4:   layout_regular_city, minmay_slime_entry_oklob_enclosed,
          fungi_pond_lemuel, tgw_fedhas, infiniplex_staircase_pool,
          grunt_megastairs_5, uniq_rupert
Lair:5:   evil_forest, layout_regular_city, portal_ice_cave_rime

Skill      XL: |  1  2  3  4  5  6  7  8  9 10 11 12 13 |
---------------+----------------------------------------+-----
Axes           | 2 3 4 5 6 7 8 9 10 12 | 12.2
Throwing       | 1 2 3 4 |  4.2
Shields        | 4 5 6 7 9 10 11 | 11.0
Fighting       | 4 6 7 8 9 10 | 10.0
Dodging        | 1 2 3 |  3.0
Invocations    | 5 9 10 | 10.0
Armour         | 4 6 8 9 |  9.0

Action                     |  1- 3 |  4- 6 |  7- 9 | 10-12 | 13-15 || total
---------------------------+-------+-------+-------+-------+-------++-------
  Melee: War axe           |    71 |    77 |   230 |   508 |    82 ||   968
         Hand axe          |       |       |       |       |    14 ||    14
  Throw: Javelin           |    24 |    29 |    28 |    15 |    22 ||   118
         Boomerang         |       |       |    11 |   125 |    12 ||   148
 Invoke: Heroism           |       |       |     9 |    18 |     6 ||    33
         Finesse           |       |       |       |       |     4 ||     4
    Use: Scroll            |     6 |     4 |     9 |     9 |     1 ||    29
         Potion            |     1 |     1 |       |     1 |     3 ||     6
 Armour: Scale mail        |    18 |       |       |       |       ||    18
         Chain mail        |     1 |    54 |   152 |     9 |       ||   216
         Plate armour      |       |       |       |   254 |    36 ||   290
  Dodge: Dodged            |    26 |    20 |    86 |   133 |    13 ||   278
  Block: Buckler           |    13 |       |       |       |       ||    13
         Kite shield       |     5 |    41 |   152 |   340 |    32 ||   570

Table legend:
 A = Non-vault XP
 B = Vault XP
 C = Vault XP percentage of total XP
 D = Non-vault monster count
 E = Vault monster count
 F = Vault count percentage of total count
                 A         B        C        D         E       F
            +---------+---------+-------+---------+---------+-------
      Total |   27395 |   14000 |  33.8 |     250 |      52 |  17.2
            +---------+---------+-------+---------+---------+-------
        D:1 |      29 |       0 |   0.0 |      15 |       0 |   0.0
        D:2 |      40 |       0 |   0.0 |      17 |       0 |   0.0
        D:3 |     145 |      38 |  20.8 |      11 |       2 |  15.4
        D:4 |     500 |       0 |   0.0 |      19 |       0 |   0.0
        D:5 |     578 |     250 |  30.2 |      16 |       3 |  15.8
        D:6 |    1431 |      74 |   4.9 |      15 |       2 |  11.8
        D:7 |     954 |     113 |  10.6 |      18 |       1 |   5.3
        D:8 |    1710 |       0 |   0.0 |      28 |       0 |   0.0
        D:9 |    3092 |    2771 |  47.3 |      28 |      16 |  36.4
     Lair:1 |    2375 |    1634 |  40.8 |      10 |       4 |  28.6
     Lair:2 |    4542 |       0 |   0.0 |      24 |       0 |   0.0
     Lair:3 |    4806 |    4335 |  47.4 |      18 |      18 |  50.0
     Lair:4 |    4261 |    4036 |  48.6 |      20 |       4 |  16.7
     Lair:5 |    2932 |     749 |  20.3 |      11 |       2 |  15.4
            +---------+---------+-------+---------+---------+-------
